 Dungeon Crawl Stone Soup version 0.30-a0-940-ge5077277c9 (webtiles) character file.

Game seed: 16193285670758995890

161 Bnni the Digger (level 5, 0/38 HPs)
             Began as a Formicid Earth Elementalist on Mar 26, 2023.
             Succumbed to a gnoll's poison
             ... on level 5 of the Dungeon.
             The game lasted 00:05:39 (2137 turns).

Bnni the Digger (Formicid Earth Elementalist)       Turns: 2137, Time: 00:05:40

Health: 0/38       AC:  5    Str: 13    XL:     5   Next: 70%
Magic:  1/9        EV: 15    Int: 16    God:
Gold:   134        SH:  0    Dex: 14    Spells: 4/10 levels left

rFire   . . .      SeeInvis +    q - +0 quarterstaff
rCold   . . .      Faith    .    (no shield)
rNeg    . . .      Spirit   .    r - +0 ring mail
rPois   .          Reflect  .    (helmet unavailable)
rElec   .          Rampage  .    (no cloak)
rCorr   .                        (no gloves)
Will    .....                    (no boots)
Stlth   +                        (no amulet)
HPRegen 0.26/turn                a - +5 ring of evasion
MPRegen 0.11/turn                (no ring)

@: lethally poisoned (0 -> -21), very slightly contaminated
A: permanent stasis, dig shafts and tunnels, antennae 3, four strong arms
a: Dig, Shaft Self


You were on level 5 of the Dungeon.
You visited 1 branch of the dungeon, and saw 4 of its levels.

You collected 134 gold pieces.

Inventory:

Hand Weapons
 q - a +0 quarterstaff (weapon)
Missiles
 d - 5 poisoned darts
Armour
 r - a +0 ring mail (worn)
 t - a +0 scale mail
Jewellery
 a - a +5 ring of evasion (left hand)
Scrolls
 c - 3 scrolls of identify {unknown}
 e - a scroll of enchant armour {unknown}
 j - a scroll of immolation {unknown}
 l - a scroll of fear {unknown}
 m - a scroll of magic mapping {unknown}
 p - a scroll of teleportation {unknown}
 s - a scroll of silence {unknown}
Potions
 b - a potion of magic
 f - 4 potions of heal wounds {unknown}
 h - a potion of degeneration {unknown}
 i - 2 potions of curing {unknown}
 k - a potion of might {unknown}
 n - a potion of mutation {unknown}
 o - 2 potions of flight {unknown}
 u - a potion of lignification {unknown}


   Skills:
 + Level 2.2 Fighting
 - Level 1.7 Dodging
 - Level 2.4 Stealth
 - Level 3.0 Spellcasting
 + Level 2.6 Transmutations
 * Level 5.3 Earth Magic


You had 4 spell levels left.
You knew the following spells:

 Your Spells              Type           Power      Damage    Failure   Level
a - Sandblast             Erth           38%        2d10      4%          1
b - Passwall              Tmut/Erth      12%        N/A       12%         2
c - Stone Arrow           Conj/Erth      22%        3d8       38%         3

Your spell library contained the following spells:

 Spells                   Type           Power      Damage    Failure   Level
 Petrify                  Tmut/Erth      15%        N/A       61%         4
 Dazzling Flash           Conj/Hex       4%         N/A       77%         3
 Vhi's Electric Charge    Tloc/Air       4%         N/A       77%         3
 Iskenderun's Mystic Bla  Conj/Tloc      2%         2d3       99%         4
 Arcjolt                  Conj/Air       1%         1d11      100%        5
 Starburst                Conj/Fire      1%         6d3       100%        6
 Maxwell's Capacitive Co  Air            1%         ∞         100%        8


Dungeon Overview and Level Annotations

Branches:
Dungeon (3/15)

Altars:

Shops:
D:2 (


Innate Abilities, Weirdness & Mutations

You cannot be hasted, slowed, berserked, paralysed or teleported.
You can dig through walls and to a lower floor.
You have a pair of large antennae on your head. (SInv)
Your four strong arms can wield two-handed weapons with a shield.


Message History

The gnoll is severely wounded.
The gnoll barely misses you.
You barely miss the gnoll.
The gnoll is severely wounded.
The gnoll is no longer moving quickly.
The gnoll closely misses you. The gnoll hits you with a +0 whip!
You closely miss the gnoll. You punch the gnoll, but do no damage.
The gnoll is severely wounded.
The gnoll closely misses you.
You hit the gnoll.
The gnoll is severely wounded.
The gnoll hits you but does no damage.
You hit the gnoll but do no damage.
The gnoll is severely wounded.
The gnoll barely misses you. x2
You hit the gnoll.
You kill the gnoll!
Aiming: Sandblast (safe; 4% risk of failure)
Press: ? - help, Q - select action, (/) - cycle Shift-Dir - straight line, f - gnoll
Aim: a gnoll, wielding a +2 whip of venom (84% to hit)
The blast of sand misses the gnoll.
The gnoll barely misses you.
The gnoll hits you with a +2 whip of venom.
You are poisoned.
Aiming: Sandblast (safe; 4% risk of failure)
Press: ? - help, Q - select action, (/) - cycle Shift-Dir - straight line, f/p - gnoll
Aim: a gnoll, wielding a +2 whip of venom (84% to hit)
You miscast Sandblast.
You are very lightly contaminated with residual magic.
Nothing appears to happen.
You feel sick.
The gnoll hits you with a +2 whip of venom.
* * * LOW HITPOINT WARNING * * *
You are lethally poisoned!
Aiming: Sandblast (safe; 4% risk of failure)
Press: ? - help, Q - select action, (/) - cycle Shift-Dir - straight line, f/p - gnoll
Aim: a gnoll, wielding a +2 whip of venom (84% to hit)
The blast of sand hits the gnoll!
You kill the gnoll!
You die...

######r.. #......#
#....).###. #
#....?..g..
####.##......#
#............#
.##.##)####.....
#)#######.#
#@##...# #
#.#####.##...# .#
#............##.###
...................
#####.#............
#.#.........###
#.###....####
#........#
######...#


There were no monsters in sight!

Vanquished Creatures
  A gnoll bouda (D:5)
  Terence (D:2)
  5 gnolls
  An adder (D:2)
  A worm (D:2)
  2 dart slugs
  4 orcs (D:5)
  5 bats
  6 endoplasms
  A giant cockroach (D:1)
  4 goblins
  4 hobgoblins
  2 quokkas
  3 ball pythons
  A frilled lizard (D:2)
  7 kobolds
  4 rats
52 creatures vanquished.

Notes
Turn   | Place    | Note
-------+----------+-------------------------------------------
     0 | D:1      | Bnni the Formicid Earth Elementalist began the quest for
                  | the Orb.
     0 | D:1      | Reached XP level 1. HP: 13/13 MP: 3/3
    84 | D:1      | Reached skill level 4 in Earth Magic
    84 | D:1      | Reached XP level 2. HP: 20/20 MP: 0/5
   140 | D:1      | Learned a level 2 spell: Passwall
   228 | D:1      | Reached XP level 3. HP: 25/25 MP: 3/6
   260 | D:1      | Reached skill level 1 in Fighting
   783 | D:2      | Learned a level 3 spell: Stone Arrow
  1103 | D:2      | Reached XP level 4. HP: 32/32 MP: 5/7
  1158 | D:2      | Found a faded altar of an unknown god.
  1506 | D:2      | Noticed Terence
  1650 | D:2      | Killed Terence
  1730 | D:2      | Found Olau's Antique Weapon Emporium.
  2065 | D:3      | You fall into a shaft and drop 2 floors!
  2065 | D:5      | Entered Level 5 of the Dungeon
  2100 | D:5      | Reached XP level 5. HP: 37/38 MP: 5/9
  2103 | D:5      | Reached skill level 5 in Earth Magic
  2137 | D:5      | Succumbed to a gnoll's poison

Illustrated notes

Levels and vault maps discovered:
D:1:      scummos_arrival_checkerplants, layout_basic
D:2:      minmay_kobold_bridge, layout_loops_ring,
          hellmonk_ecumenical_altar_inner_sanctum, serial_shops, shop,
          kennysheep_generic_room_10, uniq_terence
D:3:      layout_basic, uniq_crazy_yiuf_cottage
D:5:      layout_loops_cross, ashenzari_altar_1, kiku_gazebo_pond_becter,
          gammafunk_ghost_mausoleum, uniq_eustachio, uniq_duvessa

Skill      XL: |  1  2  3  4  5 |
---------------+----------------+-----
Earth Magic    | 4 5 |  5.3
Fighting       | 1 2 |  2.2
Transmutations | 2 |  2.6
Spellcasting   | 3 |  3.0
Dodging        | |  1.7
Stealth        | |  2.4

Action                     |  1- 3 |  4- 6 || total
---------------------------+-------+-------++-------
  Melee: Dagger            |     1 |     3 ||     4
         Quarterstaff      |       |    28 ||    28
         Punch             |       |     2 ||     2
  Throw: Dart              |       |     1 ||     1
   Cast: Sandblast         |    38 |    40 ||    78
         Passwall          |       |     2 ||     2
 Armour: Robe              |     1 |     2 ||     3
         Ring mail         |       |     7 ||     7
  Dodge: Dodged            |     8 |    48 ||    56

Table legend: (Time is in decaauts)
 A = Elapsed time spent in this place.
 B = Non-inter-level travel time spent in this place.
 C = Inter-level travel time spent in this place.
 D = Time resting spent in this place.
 E = Time spent auto-exploring this place.
 F = Levels seen in this place.
 G = Mean time per level.
                   A        B        C        D        E       F      G
               +--------+--------+--------+--------+--------+-----+--------+
         Total |   2181 |   2079 |    102 |    111 |   1586 |   4 |  545.2 |
       Dungeon |   2181 |   2079 |    102 |    111 |   1586 |   4 |  545.2 |
               +--------+--------+--------+--------+--------+-----+--------+

Top non-repeatable levels by time:
     D:2: 1289 daAuts
     D:1: 783 daAuts
     D:5: 84 daAuts
     D:3: 24 daAuts
